 Dungeon Crawl Stone Soup version 0.30-a0-1161-g0704695555 (webtiles) character file.

Game seed: 12639806824622616513

1326 cheesebisquit the Fighter (level 8, -2/74 HPs)
             Began as a Pale Draconian Fire Elementalist on Apr 27, 2023.
             Was an Initiate of Vehumet.
             Slain by an orc warrior
             ... wielding a +0 great sword
              (9 damage)
             ... on level 5 of the Dungeon.
             The game lasted 00:20:21 (6186 turns).

cheesebisquit the Fighter (DrFE)                    Turns: 6186, Time: 00:20:21

Health: -2/74      AC: 10    Str: 12    XL:     8   Next: 34%
Magic:  3/23       EV: 12    Int: 21    God:    Vehumet [......]
Gold:   223        SH:  0    Dex: 11    Spells: 6/15 levels left

rFire   . . .        t - +5 dagger of the Lurker {flame, rC+ MP+9 Str+2 Int+2}
rCold   + . .        (no shield)
rNeg    . . .        (body armour unavailable)
rPois   .            (helmet restricted)
rElec   .            j - +2 cloak
rCorr   .            D - +0 pair of gloves
SInv    .            (no boots)
Will    .....        i - amulet of the acrobat
Stlth   ++           (no ring)
HPRegen 0.32/turn    (no ring)
MPRegen 0.18/turn

%: acrobat
@: mighty
A: breathe steam, AC +6, unfitting armour, cold-blooded, steam resistance
a: Breathe Steam, Renounce Religion


You were on level 5 of the Dungeon.
You worshipped Vehumet.
Vehumet was noncommittal.
You visited 2 branches of the dungeon, and saw 7 of its levels.

You collected 223 gold pieces.

Inventory:

Hand Weapons
 l - a +0 vampiric whip
 m - the +0 sling "Isycw" {heavy, Int+2 SInv}
   (You found it on level 2 of the Dungeon)

   Int:       It affects your intelligence (+2).
   SInv:      It lets you see invisible.
 p - a +1 flail of holy wrath
 r - a +0 mace of draining
 t - the +5 dagger of the Lurker (weapon) {flame, rC+ MP+9 Str+2 Int+2}
   (You found it on level 4 of the Dungeon)

   Str:       It affects your strength (+2).
   Int:       It affects your intelligence (+2).
   rC:        It protects you from cold.
   MP:        It affects your magic capacity (+9).
 E - a +2 dagger of venom
Missiles
 w - 2 atropa-tipped darts
Armour
 d - a +0 buckler
 j - a +2 cloak (worn)
 D - a +0 pair of gloves (worn)
Magical Staves
 e - a staff of earth
 A - a staff of air
Jewellery
 i - an amulet of the acrobat (around neck)
Wands
 v - a wand of flame (63)
 F - a wand of roots (10)
Scrolls
 h - 2 scrolls of teleportation {unknown}
 n - a scroll of immolation {unknown}
 o - 4 scrolls of identify {unknown}
 q - a scroll of acquirement {unknown}
 x - a scroll of amnesia {unknown}
 y - a scroll of poison {unknown}
Potions
 b - 6 potions of curing {unknown}
 c - a potion of mutation {unknown}
 f - a potion of haste {unknown}
 g - 2 potions of lignification {unknown}
 s - a potion of heal wounds {unknown}
 u - 2 potions of ambrosia {unknown}
 z - a potion of flight {unknown}
 B - a potion of brilliance {unknown}
 C - a potion of berserk rage {unknown}


   Skills:
 - Level 8.2 Fighting
 - Level 1.7 Dodging
 - Level 1.7 Stealth
 + Level 4.0 Spellcasting
 - Level 1.0 Conjurations
 * Level 6.9 Fire Magic


You had 6 spell levels left.
You knew the following spells:

 Your Spells              Type           Power      Damage    Failure   Level
a - Foxfire               Conj/Fire      80%        2x1d8     2%          1
c - Inner Flame           Hex/Fire       18%        N/A       9%          3
d - Volatile Blastmotes   Fire/Tloc      36%        2d13      9%          3
z - Scorch                Fire           66%        2d8       1%          2

Your spell library contained the following spells:

 Spells                   Type           Power      Damage    Failure   Level
 Apportation              Tloc           8%         N/A       12%         1
 Necrotise                Necr           16%        1d4       12%         1
 Summon Small Mammal      Summ           16%        N/A       12%         1
 Ensorcelled Hibernation  Hex/Ice        8%         N/A       19%         2
 Flame Wave               Conj/Fire      20%        2d7       24%         4
 Spider Form              Tmut/Pois      4%         N/A       34%         3
 Anguish                  Hex/Necr       2%         N/A       75%         4
 Enfeeble                 Hex            2%         N/A       100%        7


Dungeon Overview and Level Annotations

Branches:
Dungeon (6/15)             Temple (1/1) D:4

Altars:
Ashenzari
Cheibriados
Dithmenos
Elyvilon
Fedhas
Gozag
Hepliaklqana
Kikubaaqudgha
Makhleb
Nemelex Xobeh
Okawaru
Ru
Sif Muna
Trog
Uskayaw
Vehumet
Wu Jian
Xom
Yredelemnul
Zin
The Shining One

Shops:
D:5 *=   D:6 (

Annotations:
D:2 1 runed translucent door, Crazy Yiuf
D:6 Eustachio


Innate Abilities, Weirdness & Mutations

You can breathe blasts of scalding, opaque steam.
Your pale cyan-grey scales are hard. (AC +6)
You cannot fit into any form of body armour.
You are cold-blooded and may be slowed by cold attacks.
You are immune to the effects of steam.


Message History

The orc warrior attacks as you move away!
The orc warrior hits you with a +0 great sword!
* * * LOW HITPOINT WARNING * * *
The orc attacks as you move away! The orc completely misses you.
The white imp disappears in a puff of smoke!
Something hits you but does no damage.
There is an open door here.
Okay, then.
The orc warrior attacks as you move away!
The orc warrior completely misses you.
The orc warrior attacks as you move away!
The orc warrior closely misses you.
The orc warrior attacks as you move away!
The orc warrior misses you.
The orc warrior attacks as you move away!
The orc warrior completely misses you.
The shadow imp disappears in a puff of smoke!
The orc warrior attacks as you move away!
The orc warrior misses you.
There is a stone staircase leading up here.
The orc warrior barely misses you.
You climb upwards.
Reactivating autopickup.
There is a stone staircase leading down, spattered with blood here.
Casting: Foxfire (safe; 2% risk of failure)
Press: ? - help, Q - select action, (/) - cycle Dir - look around, f - activate You conjure some foxfire!
The orc warrior hits you with a +0 great sword!!
* * * LOW HITPOINT WARNING * * *
Casting: Foxfire (safe; 2% risk of failure)
Confirm with . or Enter, or press ? or * to list all spells.
Flames lash the orc warrior.
The orc warrior is severely wounded.
The orc warrior's fire resistance burns away.
The foxfire hits the orc warrior but does no damage.
The orc warrior is severely wounded.
The foxfire hits the orc warrior but does no damage.
The orc warrior is severely wounded.
The orc warrior hits you with a +0 great sword!
You die...

#.....##.#.....#.....##......
##..#.................#.#....
##.###.................#....
#.# #......)..........#....
#.###......................
#..###................####.
##.# #................# #..
#.# ##...§.........#.# #..
#.#####..@..#.....##.###.#
#†#.....o.#...♣.####.##..#
#....####.##♣.∩.♣.....#.#.
#..#.# #....#♣...........
#....# ##................
###..# #.................
#..# #.####............
##.####.# #............
#...##.# #..........##


You could see an orc warrior (combustible).

Vanquished Creatures
  Menkaure (D:4)
  An orc warrior (D:6)
  An ogre (D:5)
  A phantom (D:5)
  Blork the orc (D:6)
  3 gnoll sergeants (D:6)
  2 scorpions
  A jelly (D:5)
  4 orc priests (D:6)
  A sleepcap (D:5)
  5 hounds (D:5)
  An iguana (D:5)
  2 orc wizards
  4 gnolls (D:2)
  4 adders
  2 shadow imps
  A worm (D:2)
  15 orcs
  2 endoplasms (D:1)
  3 giant cockroaches
  3 goblins
  10 hobgoblins
  7 jackals (D:1)
  6 kobolds
  5 quokkas
  7 ball pythons
  3 bats
  A frilled lizard (D:1)
  4 rats
101 creatures vanquished.

Vanquished Creatures (others)
  376 foxfires
376 creatures vanquished.

Grand Total: 477 creatures vanquished

Notes
Turn   | Place    | Note
-------+----------+-------------------------------------------
     0 | D:1      | cheesebisquit the Draconian Fire Elementalist began the
                  | quest for the Orb.
     0 | D:1      | Reached XP level 1. HP: 14/14 MP: 3/3
    51 | D:1      | Reached skill level 1 in Fighting
   100 | D:1      | Reached XP level 2. HP: 11/24 MP: 5/5
   124 | D:1      | Reached skill level 2 in Fighting
   609 | D:1      | Found a faded altar of an unknown god.
   976 | D:1      | Reached skill level 3 in Fighting
  1297 | D:2      | Reached XP level 3. HP: 31/31 MP: 3/6
  1614 | D:2      | Reached skill level 4 in Fighting
  1761 | D:2      | Reached XP level 4. HP: 40/40 MP: 2/7
  1764 | D:2      | Identified the +0 sling "Isycw" {heavy, Int+2 SInv}
  2028 | D:2      | Found a runed translucent door.
  2029 | D:2      | Noticed Crazy Yiuf
  2834 | D:3      | Reached skill level 5 in Fighting
  3338 | D:3      | Reached XP level 5. HP: 48/48 MP: 4/8
  3566 | D:4      | Identified the +5 dagger of the Lurker {flame, rC+ MP+9
                  | Str+2 Int+2}
  3713 | D:4      | Noticed Menkaure
  3723 | D:4      | Killed Menkaure
  3724 | D:4      | Reached skill level 6 in Fighting
  3903 | D:4      | Reached XP level 6. HP: 54/58 MP: 9/9
  4115 | D:4      | Found a staircase to the Ecumenical Temple.
  4217 | D:5      | Entered Level 5 of the Dungeon
  4242 | D:5      | Reached skill level 7 in Fighting
  4478 | D:5      | Found Eshref's Jewellery Boutique.
  4521 | D:5      | Reached skill level 8 in Fighting
  4521 | D:5      | Your scales start taking on a pale cyan-grey colour.
  4521 | D:5      | Reached XP level 7. HP: 25/68 MP: 9/10
  4521 | D:5      | Gained mutation: You are immune to the effects of steam.
                  | [Pale Draconian growth]
  4524 | D:5      | Learned a level 2 spell: Scorch
  4528 | D:5      | Learned a level 3 spell: Inner Flame
  4532 | D:5      | Learned a level 3 spell: Volatile Blastmotes
  4674 | D:5      | Found Soem's Lightly-Used Armoury.
  4921 | D:5      | Found a bloodstained altar of Trog.
  5277 | Temple   | Entered the Ecumenical Temple
  5290 | Temple   | Became a worshipper of Vehumet
  5492 | D:6      | Noticed Blork the orc
  5586 | D:6      | Reached skill level 5 in Fire Magic
  5682 | D:6      | Killed Blork the orc
  5815 | D:6      | Found Qoel's Weapon Boutique.
  5825 | D:6      | Reached XP level 8. HP: 74/74 MP: 13/13
  6059 | D:6      | Found a shadowy altar of Dithmenos.
  6059 | D:6      | Found a snail-covered altar of Cheibriados.
  6067 | D:6      | Found a blossoming altar of Fedhas.
  6069 | D:6      | Found a shimmering blue altar of Sif Muna.
  6071 | D:6      | Found an ornate altar of the Wu Jian Council.
  6149 | D:6      | Noticed Eustachio
  6186 | D:5      | Slain by an orc warrior

Illustrated notes

Levels and vault maps discovered:
D:1:      eino_arrival_druids_welcome, layout_basic,
          ebering_ecumenical_altar_webs, minmay_misc_feat_cross,
          minmay_misc_feat_nine_boxes
D:2:      layout_loops_ring, minmay_pentomino_z4, uniq_crazy_yiuf_cottage
D:3:      layout_basic, hex_medium
D:4:      layout_rooms, minmay_temple_entry_from_below_b, uniq_menkaure
D:5:      layout_rooms, mainiacjoe_overflow_cross_hatched, serial_shops,
          nicolae_shop_trees, minivault_1, minmay_shop_damaged
D:6:      layout_gridville, chequers_temple_overflow_minitemple, serial_shops,
          nicolae_shop_statue_plus, nicolae_lava_and_water, sword_in_stone,
          uniq_blork_the_orc
Temple:   minmay_freezing_vapour_temple

Skill      XL: |  1  2  3  4  5  6  7  8 |
---------------+-------------------------+-----
Fighting       | 1 3 4 5 6 8 |  8.2
Fire Magic     | 5 6 |  6.9
Spellcasting   | 3 4 |  4.0
Dodging        | |  1.7
Stealth        | |  1.7
Conjurations   | |  1.0

Action                     |  1- 3 |  4- 6 |  7- 9 || total
---------------------------+-------+-------+-------++-------
  Melee: Unarmed           |    87 |       |       ||    87
         Tailslap          |     9 |     6 |       ||    15
         Punch             |     1 |       |       ||     1
         Dagger            |    15 |    30 |     9 ||    54
         Whip              |     4 |       |       ||     4
   Fire: Sling             |       |    18 |       ||    18
   Cast: Foxfire           |    58 |    87 |    65 ||   210
         Scorch            |       |       |    31 ||    31
Ability: Breathe Steam     |       |       |     2 ||     2
    Use: Potion            |       |       |     2 ||     2
 Armour: Skin              |    45 |    33 |    22 ||   100
  Dodge: Dodged            |    92 |    55 |    45 ||   192

Table legend: (Time is in decaauts)
 A = Elapsed time spent in this place.
 B = Non-inter-level travel time spent in this place.
 C = Inter-level travel time spent in this place.
 D = Time resting spent in this place.
 E = Time spent auto-exploring this place.
 F = Levels seen in this place.
 G = Mean time per level.
                   A        B        C        D        E       F      G
               +--------+--------+--------+--------+--------+-----+--------+
         Total |   6211 |   5790 |    421 |     17 |   4787 |   7 |  887.3 |
       Dungeon |   6192 |   5771 |    421 |     17 |   4776 |   6 | 1032.0 |
        Temple |     18 |     18 |      0 |      0 |     11 |   1 |   18.0 |
               +--------+--------+--------+--------+--------+-----+--------+

Top non-repeatable levels by time:
     D:1: 1320 daAuts
     D:5: 1169 daAuts
     D:2: 1100 daAuts
     D:3: 1082 daAuts
     D:4: 979 daAuts
     D:6: 540 daAuts
  Temple: 18 daAuts
